 Dungeon Crawl Stone Soup version 0.22-a0-388-g09e6169 (webtiles) character file.

239 Kairos the Chopper (level 6, -1/32 HPs)
             Began as a Vine Stalker Fighter on Apr 29, 2018.
             Slain by an ogre
             ... wielding a +0 giant spiked club
              (13 damage)
             ... on level 4 of the Dungeon.
             The game lasted 00:06:14 (3180 turns).

Kairos the Chopper (Vine Stalker Fighter)           Turns: 3180, Time: 00:06:15

Health: -1/32      AC: 11    Str: 21    XL:     6   Next: 7%
Magic:  0/7        EV:  8    Int:  8    God:
Gold:   183        SH: 10    Dex: 16    Spells: 5/5 levels left

rFire    . . .     SeeInvis .   a - +0 war axe
rCold    . . .     Gourm    .   c - +0 shield
rNeg     . . .     Faith    .   b - +0 scale mail
rPois    .         Spirit   +   o - +0 helmet
rElec    .         Reflect  .   (no cloak)
rCorr    .         Harm     .   p - +1 pair of gloves
MR       .....                  u - +0 pair of boots
Stlth    ..........             (no amulet)
HPRegen  0.50/turn              h - +3 ring of dexterity
MPRegen  0.10/turn              (no ring)

@: no status effects
A: fangs 2, regeneration 1, magic shield, antimagic bite, no potion heal 3, rot
immunity
a: no special abilities


You were on level 4 of the Dungeon.
You were hungry.

You visited 1 branch of the dungeon, and saw 4 of its levels.

You collected 183 gold pieces.

Inventory:

Hand Weapons
 a - a +0 war axe (weapon)
Missiles
 i - 5 tomahawks (quivered)
Armour
 b - a +0 scale mail (worn)
 c - a +0 shield (worn)
 o - a +0 helmet (worn)
 p - a +1 pair of gloves (worn)
 u - a +0 pair of boots (worn)
Jewellery
 h - a +3 ring of dexterity (left hand)
Wands
 v - a wand of flame (24)
Scrolls
 g - 2 scrolls of amnesia {unknown}
 k - a scroll of enchant weapon {unknown}
 l - a scroll of random uselessness {unknown}
 n - 4 scrolls of identify {unknown}
 q - 2 scrolls of fog {unknown}
 t - a scroll of blinking {unknown}
 w - 2 scrolls of teleportation {unknown}
Potions
 d - 2 potions of might
 e - a potion of invisibility {unknown}
 j - a potion of curing {unknown}
 m - 2 potions of heal wounds {unknown}
 r - a potion of ambrosia {unknown}
 s - 2 potions of magic {unknown}
 z - a potion of agility {unknown}
Comestibles
 f - 13 rations
 x - a chunk of flesh


   Skills:
 + Level 3.3 Fighting
 + Level 3.6 Axes
 + Level 3.2 Armour
 + Level 1.0 Dodging
 + Level 0.4 Stealth
 + Level 3.5 Shields


You had 5 spell levels left.
You didn't know any spells.

Dungeon Overview and Level Annotations

Branches:
Dungeon (4/15)
 Temple: D:4-7

Altars:
Qazlal


Innate Abilities, Weirdness & Mutations

You have extremely sharp teeth.
Your natural rate of healing is unusually fast.
When hurt, damage is shared between your health and your magic reserves.
Your bite disrupts and absorbs the magic of your enemies.
Potions cannot restore your health.
You are immune to rotting.


Message History

The ogre hits you but does no damage.
Your shield prevents you from hitting the ogre.
You bite the ogre. You drain its power.
The ogre is lightly wounded.
The ogre hits you but does no damage.
You hit the ogre.
The ogre is lightly wounded.
You are feeling hungry.
The ogre barely misses you.
You hit the ogre.
The ogre is moderately wounded.
The ogre hits you with a giant spiked club!!
Ouch! That really hurt!
You are too injured to fight recklessly!
You are too injured to fight recklessly!
You are too injured to fight recklessly!
You slash the ogre!
The ogre is severely wounded.
The ogre hits you with a giant spiked club!
You die...

#.......##.......#.....#.
#................'.....'.
#.......##########.....##
#.......#................
#.......'................
#########................
........................
........................
.......@################
.......O# ........#
........# ..).....#
########. ) .


You could see an ogre.

Vanquished Creatures
  An orc priest (D:3)
  Ijyb (D:4)
  Terence (D:2)
  A worker ant (D:4)
  Robin (D:2)
  6 adders
  3 worms
  5 orcs
  2 giant cockroaches
  14 goblins
  5 hobgoblins
  4 jackals (D:1)
  3 quokkas
  2 ball pythons
  6 bats
  4 frilled lizards
  3 kobolds
  A leopard gecko skeleton (D:4)
  4 rats
67 creatures vanquished.

Notes
Turn   | Place    | Note
-------+----------+-------------------------------------------
     0 | D:1      | Kairos the Vine Stalker Fighter began the quest for the Orb.
     0 | D:1      | Reached XP level 1. HP: 11/11 MP: 2/2
    95 | D:1      | Reached XP level 2. HP: 14/16 MP: 3/3
   660 | D:2      | Noticed Robin
   667 | D:2      | Noticed Terence
  1098 | D:2      | Reached XP level 3. HP: 20/20 MP: 4/4
  1504 | D:2      | Killed Robin
  1588 | D:2      | Killed Terence
  1588 | D:2      | Gained mutation: Your natural rate of healing is unusually fast. [Vine Stalker growth]
  1588 | D:2      | Reached XP level 4. HP: 20/24 MP: 3/5
  2347 | D:3      | Reached XP level 5. HP: 24/28 MP: 6/6
  2733 | D:3      | Found a stormy altar of Qazlal.
  3013 | D:4      | Noticed Ijyb
  3023 | D:4      | Killed Ijyb
  3023 | D:4      | Reached skill level 1 in Dodging
  3171 | D:4      | Reached XP level 6. HP: 32/32 MP: 7/7
  3180 | D:4      | Slain by an ogre

Vault maps used:
D:1:      lightli_arrival_isolated_outpost, minmay_misc_feat_doors
D:2:      first_ration, serial_bayou, serial_bayou_crossing,
          serial_bayou_pond_c, serial_bayou_pond_e, serial_bayou_shore_b,
          uniq_robin, uniq_terence
D:3:      overflow_temple_1_default
D:4:      uniq_ijyb, uniq_sigmund, uniq_edmund

Skill      XL: |  1  2  3  4  5 |
---------------+----------------+-----
Shields        | 3 |  3.5
Axes           | 2 3 |  3.6
Fighting       | 3 |  3.3
Armour         | 3 |  3.2
Dodging        | 1 |  1.0
Stealth        | |  0.4

Action                   |  1- 3 |  4- 6 || total
-------------------------+-------+-------++-------
Melee: War axe           |    71 |   115 ||   186
       Bite              |    23 |    43 ||    66
  Eat: Chunk             |     2 |     5 ||     7
Armor: Scale mail        |    41 |    46 ||    87
Dodge: Dodged            |    37 |    39 ||    76
Block: Shield            |    42 |    57 ||    99

Table legend:
 A = Spawn XP
 B = Non-spawn XP
 C = Spawn XP percentage of total XP
 D = Spawn monster count
 E = Non-spawn monster count
 F = Spawn count percentage of total count
 G = Total turns spent on level
                    A         B        C        D         E        F      G
               +---------+---------+-------+---------+---------+-------+---------
         Total |       0 |     342 |   0.0 |       0 |      67 |   0.0 |  3180
               +---------+---------+-------+---------+---------+-------+---------
           D:1 |       0 |      27 |   0.0 |       0 |      16 |   0.0 |  1325
           D:2 |       0 |      75 |   0.0 |       0 |      17 |   0.0 |   554
           D:3 |       0 |     148 |   0.0 |       0 |      27 |   0.0 |  1099
           D:4 |       0 |      92 |   0.0 |       0 |       7 |   0.0 |   202
               +---------+---------+-------+---------+---------+-------+---------
